 Dungeon Crawl Stone Soup version 0.31.0-32-g396128a36d (webtiles) character file.

Game seed: 9020054289817397595

4995 ShatteredShell the Merchant of Misery (level 10, -3/66 HPs)
             Began as a Demonspawn Necromancer on Apr 8, 2024.
             Was a Believer of Kikubaaqudgha.
             Slain by an orange demon (6 damage)
             ... led by Amaemon
             ... on level 8 of the Dungeon.
             The game lasted 00:35:43 (8967 turns).

ShatteredShell the Merchant of Misery (DsNe)        Turns: 8967, Time: 00:35:45

Health: -3/66      AC:  8    Str:  9    XL:     10   Next: 29%
Magic:  0/23       EV: 13    Int: 19    God:    Kikubaaqudgha [**....]
Gold:   244        SH:  0    Dex: 14    Spells: 6/27 levels left

rFire   . . .        l - staff of death
rCold   . . .        (no shield)
rNeg    + . .        F - +0 steam dragon scales
rPois   .            (helmet restricted)
rElec   .            (no cloak)
rCorr   +            (no gloves)
SInv    .            (no boots)
Will    .....        B - amulet of regeneration
Stlth   ++           v - ring of resist corrosion
HPRegen 1.11/turn    (no ring)
MPRegen 0.36/turn

%: guardian spirit
@: lethally poisoned (-3 -> -83), slowed, very slow
A: horns 1, thin metallic scales 2, magic shield, magic regeneration
a: Renounce Religion, Unearth Wretches


You were on level 8 of the Dungeon.
You worshipped Kikubaaqudgha.
Kikubaaqudgha was pleased with you.
You visited 1 branch of the dungeon, and saw 8 of its levels.

You collected 487 gold pieces.
You spent 243 gold pieces at shops.

Inventory:

Hand Weapons
 d - a +0 dagger
 g - a +4 dagger of venom
Armour
 a - a +0 robe
 x - an orb of energy
 F - +0 steam dragon scales (worn)
Magical Staves
 l - a staff of death (weapon)
Jewellery
 e - a ring of fire
 v - a ring of resist corrosion (left hand)
 B - an amulet of regeneration (around neck)
 G - an amulet of reflection
 H - a +6 ring of strength
Wands
 i - a wand of mindburst (25)
 o - a wand of light (17)
 r - a wand of flame (39)
 s - a wand of iceblast (2)
Scrolls
 h - a scroll of noise
 n - a scroll of blinking {unknown}
 q - 2 scrolls of fear
 w - a scroll of revelation {unknown}
 y - 2 scrolls of teleportation
 z - a scroll of vulnerability
 A - a scroll of silence {unknown}
 E - a scroll of amnesia {unknown}
 I - a scroll of immolation {unknown}
 K - a scroll of enchant armour {unknown}
 L - a scroll of identify
Potions
 b - 2 potions of magic
 c - a potion of resistance
 f - 3 potions of attraction
 j - a potion of mutation
 k - a potion of brilliance
 m - 2 potions of enlightenment
 p - a potion of haste
 t - 2 potions of might {unknown}
 C - a potion of cancellation {unknown}
 D - a potion of berserk rage {unknown}
 J - a potion of experience {unknown}


   Skills:
 + Level 1.4 Fighting
 - Level 0.1 Short Blades
 * Level 6.2 Staves
 + Level 2.9 Dodging
 + Level 2.7 Stealth
 + Level 9.2 Spellcasting
 + Level 10.3 Necromancy
 - Level 0.1 Evocations


You had 6 spell levels left.
You knew the following spells:

 Your Spells              Type           Power      Damage    Failure   Level
a - Necrotise             Necr           100%       1d9       1%          1
b - Vampiric Draining     Necr           64%        2d10      1%          3
c - Animate Dead          Necr           64%        N/A       1%          4
d - Cigotuvi's Dreadful   Necr/Alch/Air  64%        N/A       3%          2
e - Sublimation of Blood  Necr           64%        N/A       1%          2
f - Curse of Agony        Necr           64%        N/A       3%          5
g - Dispel Undead         Necr           64%        3d22      1%          4

Your spell library contained the following spells:

 Spells                   Type           Power      Damage    Failure   Level
 Kiss of Death            Conj/Necr      100%       2d13      1%          1
 Sandblast                Erth           16%        2d6       9%          1
 Shock                    Conj/Air       32%        1d5       9%          1
 Confusing Touch          Hex            8%         N/A       24%         3
 Passwall                 Erth           8%         N/A       24%         3
 Stone Arrow              Conj/Erth      16%        3d8       24%         3
 Swiftness                Air            8%         N/A       24%         3
 Airstrike                Air            4%         2d(1-17)  63%         4
 Brom's Barrelling Bould  Conj/Erth      8%         2d3       63%         4


Dungeon Overview and Level Annotations

Branches:
Dungeon (8/15)             Temple (0/1) D:6            Lair (0/5) D:8

Altars:
Cheibriados
Fedhas
Gozag
Kikubaaqudgha
Trog
Uskayaw
Xom

Shops:
D:2 :   D:3 *?

Annotations:
D:4 3 runed translucent doors, flammie80's ghost, weakling FoMo
D:8 3 runed translucent doors, Amaemon; jkubb29's ghost, amateur DsNe


Innate Abilities, Weirdness & Mutations

You have a pair of small horns on your head.
You are mostly covered in thin metallic scales. (AC +3)
When hurt, damage is shared between your health and your magic reserves.
You regenerate magic rapidly.


Message History

The orange demon stings you from afar.
You are lethally poisoned!
You have difficulty breathing.
You feel yourself slow down. The scorpion stings you.
Amaemon hits you but does no damage.
You are more poisoned.
Amaemon claws you but does no damage. Amaemon tail-slaps you.
* * * LOW HITPOINT WARNING * * *
The scorpion stings you.
* * * LOW HITPOINT WARNING * * *
The scorpion stings you but does no damage.
The scorpion barely misses you.
Okay, then.
Casting: Vampiric Draining (safe; 1% risk of failure)
Confirm with . or Enter, or press ? or * to list all spells.
Aiming: Vampiric Draining (safe; 1% risk of failure)
Press: ? - help, Shift-Dir - straight line, f/p - Amaemon
Aim: Amaemon, wielding a -1 demon whip of venom and wearing a ring of flight (almost dead)
You feel a surge of power!
You draw life force from Amaemon!!
You feel life coursing into your body!
* * * LOW HITPOINT WARNING * * *
You feel extremely sick. The scorpion stings you.
* * * LOW HITPOINT WARNING * * *
You are more poisoned.
The scorpion poisons you! The scorpion stings you.
* * * LOW HITPOINT WARNING * * *
The scorpion stings you but does no damage.
The orange demon stings you but does no damage.
The scorpion misses you. Amaemon barely misses you.
Amaemon claws you but does no damage. Amaemon tail-slaps you.
* * * LOW HITPOINT WARNING * * *
You are more poisoned.
Amaemon poisons you! The scorpion stings you.
* * * LOW HITPOINT WARNING * * *
You are more poisoned.
The scorpion poisons you!
The scorpion stings you but does no damage.
The scorpion completely misses you. The orange demon stings you from afar!
You die...
Kikubaaqudgha rasps: "You have failed me!
Welcome... death!"

#.#....(..............#.###....
#.........##..#..........##....
#........................##...#
#..)................####..#####
#...................'.....#
###.................####..#
#................P..# #...
#............ss.......#.#.#
#...#####...s@.4...........
..... #..P...6s...........#. #
.............P....P....... #
......#...P.P....P.P....
h...... ... ##.P.....?..P....
..P.h.# #..........>....
....... #.........P.....
....... #...P...........
....#.. ....#..


You could see Amaemon, an orange demon (curare) and 4 scorpions.

Vanquished Creatures
  Pikel (D:5)
  Prince Ribbit (D:8)
  Eustachio (D:6)
  A fire bat (D:7)
  Menkaure (D:4)
  2 steam dragons
  Duvessa (D:7)
  2 water moccasins (D:8)
  A sky beast (D:7)
  4 black bears
  2 ice beasts
  2 ogres (D:6)
  2 centaurs
  3 kobold brigands
  6 bullfrogs
  4 scorpions
  4 wights (D:8)
  Dowan (D:7)
  4 killer bees
  3 howler monkeys
  4 jellies
  5 bombardier beetles
  A gnoll bouda (D:5)
  2 orc priests
  3 hounds
  2 sleepcaps
  3 iguanas
  7 orc wizards
  8 gnolls
  4 adders
  2 white imps
  5 dart slugs
  A ribbon worm (D:3)
  18 orcs
  5 ball pythons
  10 endoplasms
  6 giant cockroaches
  8 goblins
  6 hobgoblins
  2 jackals (D:1)
  23 kobolds
  5 quokkas
  6 bats
  5 frilled lizards
  4 rats
191 creatures vanquished.

Vanquished Creatures (collateral kills)
  A howler monkey (D:8)
  A gnoll (D:3)
  2 orcs
  A hobgoblin (D:2)
  A quokka (D:2)
  A frilled lizard (D:2)
7 creatures vanquished.

Vanquished Creatures (others)
  A bullfrog zombie (D:8)
  12 kobold zombies
  A hound zombie (D:6)
  2 orc zombies (D:7)
16 creatures vanquished.

Grand Total: 214 creatures vanquished

Notes
Turn   | Place    | Note
-------+----------+-------------------------------------------
     0 | D:1      | ShatteredShell the Demonspawn Necromancer began the quest
                  | for the Orb.
     0 | D:1      | Reached XP level 1. HP: 13/13 MP: 3/3
   410 | D:1      | Gained mutation: You are partially covered in thin metallic
                  | scales. (AC +2) [demonic ancestry]
   410 | D:1      | Reached XP level 2. HP: 19/19 MP: 3/5
  1043 | D:1      | Gained mutation: You are mostly covered in thin metallic
                  | scales. (AC +3) [demonic ancestry]
  1043 | D:1      | Reached XP level 3. HP: 19/24 MP: 0/7
  1306 | D:1      | Reached skill level 5 in Necromancy
  1400 | D:2      | Learned a level 3 spell: Vampiric Draining
  1685 | D:2      | Found Geatuik's Book Shoppe.
  1896 | D:2      | Reached XP level 4. HP: 30/30 MP: 5/8
  2461 | D:2      | Reached skill level 1 in Staves
  2500 | D:2      | Learned a level 4 spell: Animate Dead
  2826 | D:3      | Found Hookhlomne's Assorted Antiques.
  2831 | D:3      | Bought a scroll labelled MOPTOU XITIFE for 23 gold pieces
  2928 | D:3      | Gained mutation: You regenerate magic rapidly. [demonic
                  | ancestry]
  2928 | D:3      | Reached XP level 5. HP: 35/35 MP: 6/10
  3010 | D:3      | Found a faded altar of an unknown god.
  3321 | D:3      | Found Wikosif's Magic Scroll Boutique.
  3904 | D:4      | Found a runed translucent gate.
  3904 | D:4      | Found a runed translucent gate.
  3906 | D:4      | Noticed a black bear
  3908 | D:4      | Found a runed translucent gate.
  3909 | D:4      | Noticed flammie80's ghost (weakling FoMo)
  4056 | D:4      | Reached skill level 6 in Necromancy
  4206 | D:4      | Gained mutation: When hurt, damage is shared between your
                  | health and your magic reserves. [demonic ancestry]
  4206 | D:4      | Reached XP level 6. HP: 31/41 MP: 7/12
  4476 | D:4      | Noticed Menkaure
  4478 | D:4      | Killed Menkaure
  4636 | D:5      | Entered Level 5 of the Dungeon
  4686 | D:4      | Reached XP level 7. HP: 22/46 MP: 1/14
  4940 | D:5      | Found an ancient bone altar of Kikubaaqudgha.
  4945 | D:5      | Became a worshipper of Kikubaaqudgha
  4989 | D:5      | Reached skill level 5 in Spellcasting
  5314 | D:5      | Reached skill level 7 in Necromancy
  5492 | D:5      | Noticed Pikel
  5502 | D:5      | Killed Pikel
  5503 | D:5      | Gained mutation: You have a pair of small horns on your
                  | head. [demonic ancestry]
  5503 | D:5      | Reached XP level 8. HP: 53/53 MP: 6/17
  5544 | D:5      | Reached skill level 8 in Necromancy
  5741 | D:5      | Found a hide-covered altar of Uskayaw.
  5745 | D:5      | Reached * piety under Kikubaaqudgha
  5745 | D:5      | Received a gift from Kikubaaqudgha
  5750 | D:5      | Learned a level 2 spell: Cigotuvi's Dreadful Rot
  6195 | D:6      | Reached skill level 1 in Fighting
  6310 | D:6      | Noticed Eustachio
  6319 | D:6      | Killed Eustachio
  6320 | D:6      | Reached XP level 9. HP: 59/59 MP: 5/20
  6519 | D:6      | Found a staircase to the Ecumenical Temple.
  6665 | D:6      | Reached skill level 5 in Staves
  7082 | D:7      | Learned a level 2 spell: Sublimation of Blood
  7088 | D:7      | Learned a level 5 spell: Curse of Agony
  7166 | D:7      | Found a snail-covered altar of Cheibriados.
  7173 | D:7      | Found a blossoming altar of Fedhas.
  7174 | D:7      | Found a bloodstained altar of Trog.
  7326 | D:2      | Bought a book of Touch for 220 gold pieces
  7331 | D:2      | Learned a level 4 spell: Dispel Undead
  7472 | D:7      | Found an opulent altar of Gozag.
  7613 | D:7      | Found a shimmering altar of Xom.
  7760 | D:7      | Reached skill level 9 in Necromancy
  7761 | D:7      | Noticed Duvessa
  7761 | D:7      | Noticed Dowan
  7767 | D:7      | Killed Duvessa
  7772 | D:7      | Killed Dowan
  7776 | D:7      | Reached ** piety under Kikubaaqudgha
  8175 | D:8      | Found a runed translucent gate.
  8175 | D:8      | Found a runed translucent gate.
  8175 | D:8      | Found a runed translucent gate.
  8176 | D:8      | Noticed jkubb29's ghost (amateur DsNe)
  8200 | D:8      | Noticed a cyclops
  8207 | D:8      | Noticed Prince Ribbit
  8245 | D:8      | Killed Prince Ribbit
  8246 | D:8      | Reached XP level 10. HP: 53/65 MP: 0/22
  8494 | D:8      | Reached skill level 10 in Necromancy
  8951 | D:8      | Noticed Amaemon
  8952 | D:8      | Found a staircase to the Lair.
  8956 | D:8      | Noticed an orange demon
  8967 | D:8      | HP: 3/66 [scorpion[Amaemon] (2)]
  8967 | D:8      | Slain by an orange demon

Illustrated notes

Levels and vault maps discovered:
D:1:      mrwooster_arrival_statue, layout_basic
D:2:      layout_loops_corners, serial_shops, shop, minivault_5
D:3:      layout_basic, ebering_ecumenical_altar_box, serial_shops, shop,
          nicolae_shop_crystal, kennysheep_generic_room_16
D:4:      layout_loops_cross, gammafunk_ghost_split, minmay_door_square,
          minmay_strange_pillars, uniq_menkaure
D:5:      layout_rooms, nicolae_kikubaaqudgha_miasma_corner, kennysheep_mini,
          nrook_pool_corridor, kennysheep_small_spiral, uniq_pikel
D:6:      layout_cave_pods, nicolae_elyvilon_peaceful_grove,
          minmay_temple_entry_butterflies, kennysheep_small_circle,
          uniq_eustachio
D:7:      layout_basic, kennysheep_mini_moat, regret_index_xom_of_box,
          gammafunk_temple_overflow_forgotten, uniq_duvessa
D:8:      layout_basic, nicolae_wu_jian_immortal_techniques,
          due_lair_maze_entry_diamond, gammafunk_ghost_split,
          hangedman_abyss_or_decor_clamps, uniq_prince_ribbit1, uniq_maurice,
          uniq_amaemon

Skill      XL: |  1  2  3  4  5  6  7  8  9 10 |
---------------+-------------------------------+-----
Necromancy     | 5 6 7 8 9 10 | 10.3
Spellcasting   | 3 4 6 7 8 9 |  9.2
Stealth        | 2 |  2.7
Staves         | 1 2 3 4 5 6 |  6.2
Dodging        | 2 |  2.9
Fighting       | 1 |  1.4
Short Blades   | |  0.1
Evocations     | |  0.1

Action                     |  1- 3 |  4- 6 |  7- 9 | 10-12 || total
---------------------------+-------+-------+-------+-------++-------
  Melee: Dagger            |     7 |       |    10 |       ||    17
         Staff             |       |    39 |   130 |     3 ||   172
         Headbutt          |       |       |    25 |     1 ||    26
         Punch             |       |       |     3 |       ||     3
   Cast: Necrotise         |    65 |   105 |   163 |    29 ||   362
         Vampiric Draining |       |     5 |    66 |    32 ||   103
         Animate Dead      |       |       |     4 |       ||     4
         Sublimation of Bl |       |       |     5 |     1 ||     6
         Dispel Undead     |       |       |       |     4 ||     4
  Evoke: Wand              |       |     3 |       |       ||     3
    Use: Scroll            |       |    10 |     4 |     1 ||    15
         Potion            |       |       |     3 |     1 ||     4
   Stab: Sleeping          |       |     3 |       |       ||     3
 Armour: Robe              |     9 |    38 |   105 |       ||   152
         Steam dragon scal |       |       |    87 |    75 ||   162
  Dodge: Dodged            |     6 |    31 |   149 |    65 ||   251
